 Dungeon Crawl Stone Soup version 0.30-a0-457-g4b7bca3bfa (webtiles) character file.

Game seed: 9525192553509832702

3259 arthad the Digger (level 10, -11/71 HPs)
             Began as a Formicid Earth Elementalist on Dec 13, 2022.
             Was a Follower of Cheibriados.
             Mangled by a boulder beetle (16 damage)
             ... on level 8 of the Dungeon.
             The game lasted 00:20:54 (7613 turns).

arthad the Digger (Formicid Earth Elementalist)     Turns: 7613, Time: 00:20:55

Health: -11/71     AC:  6    Str: 16    XL:     10   Next: 19%
Magic:  9/18       EV: 12    Int: 22    God:    Cheibriados [*.....]
Gold:   31         SH: 10    Dex: 17    Spells: 10/20 levels left

rFire   + . .      SeeInvis +    J - +6 morningstar "Ant's Peril" {spect, rF+ Stlth+}
rCold   . . .      Faith    .    i - +0 kite shield
rNeg    . . .      Spirit   .    a - +0 robe
rPois   .          Reflect  .    (helmet unavailable)
rElec   .          Harm     .    l - +0 cloak
rCorr   .          Rampage  .    (no gloves)
Will    ++...                    (no boots)
Stlth   ++++......               (no amulet)
HPRegen 0.31/turn                n - ring of willpower
MPRegen 0.16/turn                (no ring)

@: very slow
A: permanent stasis, dig shafts and tunnels, antennae 3, four strong arms,
iridescent scales 1, shaggy fur 1, no potion heal 1
a: Dig, Shaft Self, Renounce Religion, Bend Time


You were on level 8 of the Dungeon.
You worshipped Cheibriados.
Cheibriados was aware of your devotion.
You visited 2 branches of the dungeon, and saw 9 of its levels.

You collected 347 gold pieces.
You spent 316 gold pieces at shops.

Inventory:

Hand Weapons
 d - a +1 long sword of electrocution
 e - a +0 sling of electrocution
 q - a +0 short sword of draining
 u - a +0 whip of venom
 H - a +4 quarterstaff of chaos
 J - the +6 morningstar "Ant's Peril" (weapon) {spect, rF+ Stlth+}
   (You bought it in a shop on level 2 of the Dungeon)

   When its wielder attacks, the weapon's spirit leaps out and strikes again.
   The spirit shares a part of any damage it takes with its wielder.
   rF:        It protects you from fire.
   Stlth:     It makes you more stealthy.
Missiles
 p - 13 poisoned darts
Armour
 a - a +0 robe (worn)
 i - a +0 kite shield (worn)
 l - a +0 cloak (worn)
Jewellery
 n - a ring of willpower (left hand)
Wands
 v - a wand of polymorph (9)
 D - a wand of flame (20)
 I - a wand of light (5)
Scrolls
 c - a scroll of torment {unknown}
 h - 3 scrolls of magic mapping {unknown}
 k - 3 scrolls of enchant weapon {unknown}
 m - 4 scrolls of identify
 t - 2 scrolls of amnesia {unknown}
 w - 6 scrolls of teleportation {unknown}
 x - a scroll of vulnerability {unknown}
 y - a scroll of enchant armour {unknown}
 z - 2 scrolls of silence {unknown}
 A - 2 scrolls of immolation {unknown}
 B - a scroll of fog {unknown}
 C - a scroll of blinking {unknown}
 E - a scroll of noise {unknown}
 K - a scroll of fear {unknown}
Potions
 b - 2 potions of magic
 f - 4 potions of curing
 g - 3 potions of haste {unknown}
 j - a potion of heal wounds {unknown}
 o - a potion of ambrosia
 r - a potion of might
 s - 2 potions of lignification {unknown}
 F - a potion of cancellation {unknown}
 G - a potion of mutation


   Skills:
 + Level 3.9 Fighting
 + Level 0.3 Maces & Flails
 + Level 3.8 Armour
 + Level 4.0 Dodging
 + Level 5.4 Stealth
 + Level 4.8 Shields
 * Level 5.8 Spellcasting
 * Level 4.2 Conjurations
 * Level 5.5 Transmutations
 * Level 7.8 Earth Magic
 * Level 0.9 Invocations


You had 10 spell levels left.
You knew the following spells:

 Your Spells              Type           Power      Damage    Failure   Level
a - Sandblast             Erth           80%        2d17      1%          1
b - Passwall              Tmut/Erth      29%        N/A       1%          2
c - Stone Arrow           Conj/Erth      64%        3d11      5%          3
d - Petrify               Tmut/Erth      35%        N/A       13%         4

Your spell library contained the following spells:

 Spells                   Type           Power      Damage    Failure   Level
 Wereblood                Tmut           30%        N/A       3%          2
 Slow                     Hex            24%        N/A       21%         1
 Summon Small Mammal      Summ           24%        N/A       21%         1
 Sublimation of Blood     Necr           6%         N/A       30%         2
 Call Canine Familiar     Summ           6%         N/A       52%         3
 Confusing Touch          Hex            6%         N/A       52%         3
 Frozen Ramparts          Ice            12%        1d2       52%         3
 Ozocubu's Armour         Ice            6%         N/A       52%         3
 Summon Guardian Golem    Hex/Summ       6%         N/A       52%         3
 Vampiric Draining        Necr           6%         2d6       52%         3
 Ice Form                 Ice/Tmut       18%        N/A       54%         4
 Summon Ice Beast         Ice/Summ       6%         N/A       90%         4
 Ozocubu's Refrigeration  Ice            3%         4d8       100%        7
 Summon Hydra             Summ           3%         N/A       100%        7


Dungeon Overview and Level Annotations

Branches:
Dungeon (8/15)             Temple (1/1) D:6
   Lair: D:8-11

Altars:
Ashenzari
Cheibriados
Dithmenos
Elyvilon
Fedhas
Gozag
Hepliaklqana
Kikubaaqudgha
Makhleb
Okawaru
Qazlal
Ru
Sif Muna
Trog
Uskayaw
Vehumet
Wu Jian
Xom
Yredelemnul
Zin
The Shining One

Shops:
D:2 *   D:6 *


Innate Abilities, Weirdness & Mutations

You cannot be hasted, slowed, berserked, paralysed or teleported.
You can dig through walls and to a lower floor.
You have a pair of large antennae on your head. (SInv)
Your four strong arms can wield two-handed weapons with a shield.
You are partially covered in iridescent scales. (AC +2)
You are covered in fur. (AC +1)
Potions are less effective at restoring your health.


Message History

The blast of sand hits the boulder beetle but does no damage.
The boulder beetle is lightly wounded.
The boulder beetle bites you! You block the boulder beetle's attack.
Aiming: Bolt of Light
Press: ? - help, Shift-Dir - straight line, f/p - boulder beetle
Aim: a boulder beetle (lightly wounded, 100% to hit)
The bolt of light hits the boulder beetle!
The boulder beetle is moderately wounded.
The boulder beetle is blinded.
The boulder beetle barely misses you.
Unknown command.
Aiming: Sandblast (safe; 1% risk of failure)
Press: ? - help, Q - select action, (/) - cycle Shift-Dir - straight line, f/p - boulder beetle
Aim: a boulder beetle (moderately wounded, blind, 100% to hit)
The blast of sand hits the boulder beetle but does no damage.
The boulder beetle is moderately wounded.
The boulder beetle bites you!
Unknown command.
Aiming: Sandblast (safe; 1% risk of failure)
Press: ? - help, Q - select action, (/) - cycle Shift-Dir - straight line, f/p - boulder beetle
Aim: a boulder beetle (moderately wounded, blind, 100% to hit)
The blast of sand hits the boulder beetle but does no damage.
The boulder beetle is moderately wounded.
The boulder beetle bites you!!
* * * LOW HITPOINT WARNING * * *
The boulder beetle barely misses you.
Aiming: Sandblast (safe; 1% risk of failure)
Press: ? - help, Q - select action, (/) - cycle Shift-Dir - straight line, f/p - boulder beetle
Aim: a boulder beetle (moderately wounded, wandering, blind, hasn't noticed you, 100% to hit)
The blast of sand hits the boulder beetle but does no damage.
The boulder beetle is moderately wounded.
The boulder beetle bites you!!
* * * LOW HITPOINT WARNING * * *
The boulder beetle completely misses you.
Unknown command.
Okay, then.
Okay, then.
Your system partially rejects the healing.
You feel better.
The boulder beetle is no longer blind.
The boulder beetle bites you!
You die...

# #....## #.#
#.#....# #.# #.#....#
####.#### #......##
#.......#
##[.....###.......#
####..###...........#
.........####.......#
.........# #.......#
.......@.# #.......#
.......B.# #.......#
##...##.## #########
###...........
#...........
#............
#.........?..
#............
#............


You could see a boulder beetle.

Vanquished Creatures
  A hornet (D:7)
  Prince Ribbit (D:5)
  Sigmund (D:5)
  Edmund (D:6)
  2 water moccasins (D:7)
  3 sky beasts
  3 black bears
  2 ice beasts
  3 centaurs
  A kobold brigand (D:8)
  A bullfrog (D:5)
  2 scorpions
  Dowan (D:5)
  7 howler monkeys
  A jelly (D:6)
  2 hounds
  2 orc priests (D:7)
  Crazy Yiuf (D:6)
  A gnoll bouda (D:7)
  Terence (D:3)
  8 iguanas
  2 orc wizards
  15 gnolls
  10 adders
  2 white imps (D:7)
  An ufetubus (D:4)
  2 worms (D:2)
  A dart slug (D:5)
  17 orcs
  11 endoplasms
  5 hobgoblins
  6 jackals
  4 quokkas
  3 ball pythons
  9 bats
  2 frilled lizards
  4 goblins
  13 kobolds
  4 rats
156 creatures vanquished.

Notes
Turn   | Place    | Note
-------+----------+-------------------------------------------
     0 | D:1      | arthad the Formicid Earth Elementalist began the quest for
                  | the Orb.
     0 | D:1      | Reached XP level 1. HP: 13/13 MP: 3/3
   173 | D:1      | Reached XP level 2. HP: 19/19 MP: 3/5
   672 | D:2      | Reached XP level 3. HP: 25/25 MP: 2/6
   732 | D:2      | Reached skill level 4 in Earth Magic
   735 | D:2      | Learned a level 2 spell: Passwall
   739 | D:2      | Learned a level 3 spell: Stone Arrow
  1168 | D:2      | Reached XP level 4. HP: 31/31 MP: 5/7
  1440 | D:2      | Found Wokoda's Assorted Antiques.
  1453 | D:2      | Bought an orange potion for 26 gold pieces
  1453 | D:2      | Bought a scroll labelled VOCHIE MUORGH for 29 gold pieces
  1523 | D:3      | Reached skill level 1 in Fighting
  1765 | D:3      | Noticed Terence
  1793 | D:3      | Killed Terence
  1794 | D:3      | Reached skill level 1 in Armour
  1794 | D:3      | Reached skill level 1 in Shields
  1798 | D:3      | Reached XP level 5. HP: 26/37 MP: 2/9
  2475 | D:4      | Reached XP level 6. HP: 34/43 MP: 3/10
  2648 | D:4      | Reached skill level 5 in Earth Magic
  3239 | D:5      | Entered Level 5 of the Dungeon
  3259 | D:5      | Noticed Duvessa
  3263 | D:5      | Noticed Dowan
  3264 | D:5      | Gained mutation: You are partially covered in iridescent
                  | scales. (AC +2) [potion of mutation]
  3264 | D:5      | Gained mutation: Potions are less effective at restoring
                  | your health. [potion of mutation]
  3264 | D:5      | Gained mutation: You are covered in fur. (AC +1) [potion of
                  | mutation]
  3267 | D:5      | Duvessa changed into Duvessa the centaur
  3267 | D:5      | Noticed Duvessa
  3270 | D:5      | Killed Duvessa the centaur
  3271 | D:5      | Reached XP level 7. HP: 50/50 MP: 3/12
  3272 | D:5      | Killed Dowan
  3360 | D:5      | Reached skill level 1 in Conjurations
  3380 | D:5      | Found a hazy altar of Hepliaklqana.
  3414 | D:5      | Noticed Sigmund
  3433 | D:5      | Killed Sigmund
  3434 | D:5      | Reached XP level 8. HP: 45/57 MP: 2/14
  3538 | D:5      | Noticed Prince Ribbit
  3734 | D:5      | Killed Prince Ribbit
  3735 | D:5      | Reached skill level 6 in Earth Magic
  3740 | D:5      | Learned a level 4 spell: Petrify
  4689 | D:5      | Reached XP level 9. HP: 62/63 MP: 12/16
  5036 | D:6      | Noticed Edmund
  5043 | D:6      | Killed Edmund
  5044 | D:6      | Reached skill level 5 in Spellcasting
  5285 | D:6      | Found Lyllorro's Overcharged Wands.
  5382 | D:6      | Found a staircase to the Ecumenical Temple.
  5412 | Temple   | Entered the Ecumenical Temple
  5616 | Temple   | Became a worshipper of Cheibriados the Contemplative
  5851 | D:6      | Found a runed translucent door.
  5852 | D:6      | Noticed Crazy Yiuf
  5901 | D:6      | Reached skill level 7 in Earth Magic
  6346 | D:6      | Killed Crazy Yiuf
  6565 | D:7      | Reached skill level 5 in Stealth
  6644 | D:7      | Noticed a hornet
  6650 | D:7      | Killed a hornet
  6650 | D:7      | Reached * piety under Cheibriados
  6651 | D:7      | Reached skill level 5 in Transmutations
  6807 | D:7      | Found a hide-covered altar of Uskayaw.
  6810 | D:7      | Found a stormy altar of Qazlal.
  6841 | D:7      | Reached XP level 10. HP: 55/71 MP: 10/18
  7055 | D:2      | Bought a transparent morningstar for 261 gold pieces
  7055 | D:2      | Identified the +6 morningstar "Ant's Peril" {spect, rF+
                  | Stlth+} (You bought it in a shop on level 2 of the Dungeon)
  7602 | D:8      | Noticed a boulder beetle
  7612 | D:8      | HP: 3/71 [boulder beetle (18)]
  7613 | D:8      | Mangled by a boulder beetle

Illustrated notes

Levels and vault maps discovered:
D:1:      minmay_arrival_jagged, layout_rooms
D:2:      layout_loops_cross, serial_shops, nicolae_lakefront_shop
D:3:      layout_loops_ring, hangedman_abyss_or_decor_stabs,
          grunt_decor_junction, minmay_distorted, uniq_terence
D:4:      layout_basic, minmay_quantized
D:5:      minmay_angry_zag, layout_basic, nicolae_hepliaklqana_hazy_memory,
          uniq_prince_ribbit1, uniq_duvessa, uniq_sigmund
D:6:      layout_basic, minmay_temple_entry_glassed_door,
          nicolae_shop_overcharged_wands, uniq_crazy_yiuf_cottage, uniq_edmund
D:7:      layout_cave_pools, chequers_temple_overflow_statue_of_worship
D:8:      layout_rooms, nemelex_xobeh_ov_fountains_minmay
Temple:   mainiacjoe_temple_bowtie_tessellation

Skill      XL: |  1  2  3  4  5  6  7  8  9 10 |
---------------+-------------------------------+-----
Earth Magic    | 4 5 6 7 |  7.8
Dodging        | 2 3 4 |  4.0
Fighting       | 1 2 3 |  3.9
Armour         | 1 2 3 |  3.8
Shields        | 1 2 3 4 |  4.8
Stealth        | 3 4 5 |  5.4
Transmutations | 2 3 5 |  5.5
Spellcasting   | 3 4 5 |  5.8
Conjurations   | 1 2 3 4 |  4.2
Maces & Flails | |  0.3
Invocations    | |  0.9

Action                   |  1- 3 |  4- 6 |  7- 9 | 10-12 || total
-------------------------+-------+-------+-------+-------++-------
Melee: Unarmed           |     1 |       |       |       ||     1
       Whip              |       |    22 |       |       ||    22
       Morningstar       |       |       |       |    11 ||    11
 Cast: Sandblast         |    46 |    72 |   137 |    21 ||   276
       Stone Arrow       |       |     1 |    14 |     2 ||    17
Evoke: Wand              |       |     1 |       |     1 ||     2
  Use: Scroll            |       |     1 |       |       ||     1
       Potion            |       |     3 |       |     1 ||     4
 Stab: Distracted        |       |       |       |     1 ||     1
       Sleeping          |       |       |       |     1 ||     1
Armor: Robe              |     3 |     9 |    16 |     1 ||    29
Dodge: Dodged            |    13 |    28 |    35 |    15 ||    91
Block: Kite shield       |       |    26 |    36 |     8 ||    70

Table legend: (Time is in decaauts)
 A = Elapsed time spent in this place.
 B = Non-inter-level travel time spent in this place.
 C = Inter-level travel time spent in this place.
 D = Time resting spent in this place.
 E = Time spent auto-exploring this place.
 F = Levels seen in this place.
 G = Mean time per level.
                   A        B        C        D        E       F      G
               +--------+--------+--------+--------+--------+-----+--------+
         Total |   8215 |   7598 |    617 |    661 |   5829 |   9 |  912.8 |
       Dungeon |   7977 |   7398 |    579 |    661 |   5641 |   8 |  997.1 |
        Temple |    238 |    201 |     37 |      0 |    188 |   1 |  238.0 |
               +--------+--------+--------+--------+--------+-----+--------+

Top non-repeatable levels by time:
     D:6: 1686 daAuts
     D:5: 1656 daAuts
     D:3: 1001 daAuts
     D:7: 962 daAuts
     D:2: 894 daAuts
     D:4: 876 daAuts
     D:1: 710 daAuts
  Temple: 238 daAuts
     D:8: 189 daAuts
